 Dungeon Crawl Stone Soup version 0.29.1-1-gd02db6906a (webtiles) character file.

Game seed: 14634637752948226665

155 Sabo the Gusty (level 5, -5/28 HPs)
             Began as a Gargoyle Air Elementalist on Sept 16, 2022.
             Was an Initiate of Ashenzari.
             Slain by a wight
             ... wielding a +0 short sword
              (6 damage)
             ... on level 4 of the Dungeon.
             The game lasted 00:27:19 (4780 turns).

Sabo the Gusty (Gargoyle Air Elementalist)          Turns: 4780, Time: 00:27:20

Health: -5/28      AC:  8    Str:  9 (12) XL:     5   Next: 37%
Magic:  5/8        EV: 15    Int: 14 (17) God:    Ashenzari [......]
Gold:   129        SH:  0    Dex:  7 (10) Spells: 8/9 levels left

rFire   . . .      SeeInvis .   h - +0 hand axe
rCold   . . .      Faith    .   (no shield)
rNeg    + . .      Spirit   .   a - +0 robe
rPois   ∞          Reflect  .   v - +1 helmet
rElec   +          Harm     .   (no cloak)
rCorr   .          Rampage  .   (no gloves)
Will    .....                   (no boots)
Stlth   ++........              (no amulet)
HPRegen 0.09/turn               u - ring "Astrological Urgency" {EV+4, Evo, Elem} (curse)
MPRegen 0.11/turn               (no ring)

@: flying
A: sickness immunity, AC +4, negative energy resistance 1, electricity
resistance, torment resistance 1, petrification resistance
a: Renounce Religion, Shatter the Chains


You were on level 4 of the Dungeon.
You worshipped Ashenzari.
Ashenzari was noncommittal.
You visited 1 branch of the dungeon, and saw 4 of its levels.

You collected 129 gold pieces.

Inventory:

Hand Weapons
 c - a +0 mace
 h - a +0 hand axe (weapon)
 n - a +0 dagger of speed
Missiles
 l - 5 boomerangs
 t - 3 poisoned darts
Armour
 a - a +0 robe (worn)
 v - a +1 helmet (worn)
Jewellery
 u - the cursed ring "Astrological Urgency" (left hand) {EV+4, Evo, Elem}
   (You found it on level 3 of the Dungeon)

   [ring of evasion]

   EV:        It affects your evasion (+4).
   It has a curse which improves the following skills: Evocations: Evocations.
   Elements:  Fire Magic, Ice Magic, Air Magic and Earth Magic.
Scrolls
 d - 2 scrolls of teleportation
 g - a scroll of butterflies
 k - a scroll of poison
 p - a scroll of fear
Potions
 b - a potion of magic
 e - 3 potions of flight
 f - a potion of degeneration
 j - a potion of resistance {unknown}
 m - 2 potions of lignification {unknown}
 o - 2 potions of haste {unknown}
 q - a potion of ambrosia {unknown}
 r - a potion of attraction {unknown}
 s - a potion of heal wounds {unknown}


   Skills:
 + Level 0.6 Fighting
 + Level 1.3(1.4) Axes
 + Level 0.7(1.2) Maces & Flails
 + Level 2.0 Dodging
 + Level 3.1 Stealth
 + Level 2.5 Spellcasting
 + Level 2.3 Conjurations
 + Level 3.1(3.5) Air Magic


You had 8 spell levels left.
You knew the following spells:

 Your Spells              Type           Power      Damage    Failure   Level
a - Shock                 Conj/Air       40%        1d5       7%          1

Your spell library contained the following spells:

 Spells                   Type           Power      Damage    Failure   Level
 Magic Dart               Conj           32%        1d4       9%          1
 Static Discharge         Conj/Air       10%        3-5/arc   11%         2
 Swiftness                Air            11%        N/A       16%         3
 Mephitic Cloud           Conj/Pois/Air  7%         N/A       30%         3
 Call Imp                 Summ           1%         N/A       34%         2
 Airstrike                Air            5%         2d(1-17)  47%         4


Dungeon Overview and Level Annotations

Branches:
Dungeon (4/15)
 Temple: D:4-7

Altars:
Ashenzari
Dithmenos


Innate Abilities, Weirdness & Mutations

You are immune to sickness and miasma.
Your stone body is resilient. (AC +4)
You are immune to poison.
You resist negative energy. (rN+)
You are resistant to electric shocks. (rElec)
You are resistant to unholy torment.
You are immune to petrification.


Message History

The wight closely misses you.
You hit the wight but do no damage.
The wight is heavily damaged.
You barely miss the wight. The wight closely misses you.
The wight hits you with a +5 hand axe.
You closely miss the wight.
The wight is heavily damaged.
You closely miss the wight. The wight barely misses you.
The wight hits you but does no damage.
The wight hits you with a +0 short sword.
The wight hits you with a +5 hand axe!
* * * LOW HITPOINT WARNING * * *
You closely miss the wight.
The wight is heavily damaged.
You hit the wight but do no damage. The wight hits you but does no damage.
The wight barely misses you.
You barely miss the wight.
The wight is heavily damaged.
You hit the wight but do no damage. The wight hits you but does no damage.
The wight hits you with a +5 hand axe.
* * * LOW HITPOINT WARNING * * *
It was a potion of flight.
You feel very buoyant.
You fly up into the air.
The wight misses you. The wight hits you with a +5 hand axe.
* * * LOW HITPOINT WARNING * * *
It was a potion of degeneration.
There was something very wrong with that liquid.
You feel weakened.
You feel dopey.
You feel clumsy. The wight hits you but does no damage.
The wight closely misses you.
You closely miss the wight.
The wight is heavily damaged.
You closely miss the wight. The wight misses you.
The wight hits you with a +5 hand axe.
* * * LOW HITPOINT WARNING * * *
You barely miss the wight.
The wight is heavily damaged.
You hit the wight but do no damage.
The wight hits you with a +0 short sword.
You die...

########
#.#<##.###
#........#
#.#....#.#
#.#....#.#
#.#z##.#.#######
#.#@z...........
#.#######......z
... ..!.... #..
..z.... #..
....... .......
....... .......


You could see 2 wights.

Vanquished Creatures
  An orc priest (D:2)
  4 adders
  5 dart slugs
  9 orcs
  4 ball pythons
  7 endoplasms
  4 giant cockroaches
  5 goblins
  4 hobgoblins
  4 kobolds
  3 quokkas
  4 bats
  5 frilled lizards
  10 rats
69 creatures vanquished.

Notes
Turn   | Place    | Note
-------+----------+-------------------------------------------
     0 | D:1      | Sabo the Gargoyle Air Elementalist began the quest for the
                  | Orb.
     0 | D:1      | Reached XP level 1. HP: 10/10 MP: 3/3
   195 | D:1      | Reached XP level 2. HP: 11/15 MP: 1/5
  1445 | D:1      | Reached XP level 3. HP: 18/19 MP: 2/6
  2606 | D:2      | Found a faded altar of an unknown god.
  2640 | D:2      | Prayed at the altar of an unknown god.
  2640 | D:2      | Became a worshipper of Ashenzari the Shackled
  2694 | D:2      | Reached XP level 4. HP: 24/24 MP: 4/7
  3232 | D:2      | Reached skill level 1 in Axes
  3567 | D:3      | Reached XP level 5. HP: 28/28 MP: 1/8
  3668 | D:3      | Found a shadowy altar of Dithmenos.
  4779 | D:4      | HP: 1/28 [wight/+5 hand axe (3)]
  4780 | D:4      | Slain by a wight

Illustrated notes

Levels and vault maps discovered:
D:1:      roderic_octagonal_star, layout_loops_ring
D:2:      layout_loops_ring, dreamdust_ecumenical_altar_statues
D:3:      layout_loops_cross, nicolae_dithmenos_the_darkroom
D:4:      layout_basic, kennysheep_mini_moat, minmay_temple_entry_glassed_door

Skill      XL: |  1  2  3  4  5 |
---------------+----------------+-----
Air Magic      | 3 |  3.1
Dodging        | 2 |  2.0
Axes           | 1 |  1.3
Conjurations   | 2 |  2.3
Stealth        | 3 |  3.1
Fighting       | |  0.6
Maces & Flails | |  0.7
Spellcasting   | |  2.5

Action                   |  1- 3 |  4- 6 || total
-------------------------+-------+-------++-------
Melee: Club              |    10 |       ||    10
       Hand axe          |    30 |    83 ||   113
 Cast: Shock             |    54 |    43 ||    97
Invok: Curse Item        |       |     1 ||     1
  Use: Scroll            |       |     6 ||     6
       Potion            |       |     2 ||     2
 Stab: Sleeping          |       |     2 ||     2
Armor: Robe              |    14 |    33 ||    47
Dodge: Dodged            |    30 |    54 ||    84
